 Dungeon Crawl Stone Soup version 0.29.0-4-gdea44cf6ec (webtiles) character file.

Game seed: 9573822070074379363

105 qw the Chopper (level 4, 0/26 HPs)
             Began as a Tengu Warper on Aug 28, 2022.
             Blown up by Ijyb (5 damage)
             ... with a mindburst bolt
             ... on level 3 of the Dungeon.
             The game lasted 00:00:14 (2728 turns).

qw the Chopper (Tengu Warper)                       Turns: 2728, Time: 00:00:15

Health: 0/26       AC:  8    Str: 14    XL:     4   Next: 81%
Magic:  8/8        EV:  6    Int: 13    God:
Gold:   138        SH:  0    Dex: 13    Spells: 7/7 levels left

rFire   . . .      SeeInvis .   Y - +3 hand axe
rCold   + . .      Faith    .   (no shield)
rNeg    . . .      Spirit   .   f - +0 chain mail
rPois   .          Reflect  .   (helmet restricted)
rElec   .          Harm     .   (no cloak)
rCorr   .          Rampage  .   (no gloves)
Will    .....                   (boots unavailable)
Stlth   ..........              g - amulet of the acrobat
HPRegen 0.08/turn               k - ring of protection from cold
MPRegen 0.11/turn               (no ring)

@: no status effects
A: beak, talons 3
a: no special abilities


You were on level 3 of the Dungeon.
You visited 1 branch of the dungeon, and saw 3 of its levels.

You collected 138 gold pieces.


Innate Abilities, Weirdness & Mutations

You have a beak for a mouth.
You have claws for feet.


   Skills:
 - Level 2.0 Fighting
 + Level 5.3 Axes
 - Level 1.0 Throwing
 - Level 1.1 Armour
 - Level 2.1 Dodging
 - Level 2.0 Spellcasting
 - Level 2.4 Translocations


You had 7 spell levels left.
You didn't know any spells.
Your spell library contained the following spells:

 Spells                   Type           Power      Damage    Failure   Level
 Blink                    Tloc           14%        N/A       99%         2
 Gell's Gravitas          Tloc           7%         N/A       100%        3
 Lesser Beckoning         Tloc           7%         N/A       100%        3
 Teleport Other           Tloc           7%         N/A       100%        3
 Manifold Assault         Tloc           7%         N/A       100%        5

Inventory:

Hand Weapons
 m - a +0 mace
 Y - a +3 hand axe (weapon)
Missiles
 l - 3 javelins (quivered)
Armour
 f - a +0 chain mail (worn)
Jewellery
 g - an amulet of the acrobat (around neck)
 k - a ring of protection from cold (left hand)
Scrolls
 b - a scroll of enchant armour
 c - a scroll of poison {unknown}
Potions
 a - a potion of heal wounds {unknown}
 d - a potion of flight {unknown}
 e - a potion of cancellation {unknown}
 h - a potion of curing {unknown}
 j - a potion of magic {unknown}

Dungeon Overview and Level Annotations

Branches:
Dungeon (3/15)

Altars:
Ashenzari

Annotations:
D:3 Ijyb


Message History

Ijyb hits you but does no damage.
You completely miss Ijyb. Your peck misses Ijyb.
Ijyb is moderately wounded.
Ijyb barely misses you.
You hit Ijyb but do no damage. You peck Ijyb, but do no damage.
Your punch misses Ijyb.
Ijyb is moderately wounded.
Ijyb hits you with a +0 dagger. Ijyb barely misses you.
You hit Ijyb but do no damage. Your kick misses Ijyb. Your peck misses Ijyb.
Ijyb is moderately wounded.
Ijyb hits you but does no damage.
You barely miss Ijyb. You peck Ijyb, but do no damage.
Ijyb is moderately wounded.
Ijyb hits you with a +0 dagger.
You closely miss Ijyb. You claw Ijyb, but do no damage.
Ijyb is moderately wounded.
Ijyb hits you but does no damage.
You closely miss Ijyb.
Ijyb is lightly wounded.
Ijyb closely misses you.
You barely miss Ijyb. You claw Ijyb, but do no damage. Your peck misses Ijyb.
Ijyb is lightly wounded.
Ijyb barely misses you.
You hit Ijyb but do no damage.
Ijyb is lightly wounded.
Ijyb screams, "Me kill you!" Ijyb hits you with a +0 dagger.
You closely miss Ijyb.
Ijyb is lightly wounded.
Ijyb zaps a wand.
Your mind is blasted!
You closely miss Ijyb. You claw Ijyb, but do no damage.
Ijyb is lightly wounded.
Ijyb hits you but does no damage.
You hit Ijyb but do no damage. You peck Ijyb.
Ijyb is lightly wounded.
Ijyb hits you with a +0 dagger.
You hit Ijyb but do no damage. Your peck misses Ijyb.
Ijyb is lightly wounded.
Ijyb zaps a wand.
Your mind is blasted!
You die...

.. ######.####
#.........#
#.#.##..#.#
#.#.##..#.#
#######.#.....#.#
#.......#..##.#.##
#.......#...g@...#
#.............##.#
#......#.#.#.###.#
#..<.).#.#.....#.#
#...%..#.###.#.#.#
####.###.....#.#.#
#.# #####.....#
#<........#.###
....#####.#...


You could see Ijyb.

Vanquished Creatures
  Terence (D:2)
  An adder (D:2)
  2 worms (D:2)
  2 dart slugs (D:1)
  4 bats
  4 endoplasms (D:1)
  A giant cockroach (D:1)
  10 goblins
  5 hobgoblins
  8 jackals
  7 ball pythons
  A frilled lizard (D:2)
  4 kobolds
  6 rats
56 creatures vanquished.

Notes
Turn   | Place    | Note
-------+----------+-------------------------------------------
     0 | D:1      | qw the Tengu Warper began the quest for the Orb.
     0 | D:1      | Reached XP level 1. HP: 12/12 MP: 4/4
     0 | D:1      | 0 ||| qw: Version: 0.1-a-89-g26bdef1
     0 | D:1      | 0 ||| qw: Game counter: 2027
     0 | D:1      | 0 ||| qw: Always use a shield: true
     0 | D:1      | 0 ||| qw: God list: Okawaru
     0 | D:1      | 0 ||| qw: Allow faded altars: false
     0 | D:1      | 0 ||| qw: Do Orc after D:15 true
     0 | D:1      | 0 ||| qw: Do second Lair branch before Depths: true
     0 | D:1      | 0 ||| qw: Lair rune preference: random
     0 | D:1      | 0 ||| qw: Plans: Normal
     0 | D:1      | 0 ||| PLANNING D:1-11
    63 | D:1      | 63 ||| Stepping ~*~*~tactically~*~*~ (stealth).
    64 | D:1      | 64 ||| Stepping ~*~*~tactically~*~*~ (stealth).
   120 | D:1      | Reached XP level 2. HP: 9/17 MP: 6/6
   124 | D:1      | Reached skill level 3 in Axes
   372 | D:1      | 372 ||| Stepping ~*~*~tactically~*~*~ (stealth).
   803 | D:1      | Reached XP level 3. HP: 21/21 MP: 7/7
   966 | D:1      | Reached skill level 4 in Axes
  1141 | D:1      | 1141 ||| Stepping ~*~*~tactically~*~*~ (stealth).
  1174 | D:1      | 1174 ||| UPGRADING to +0 chain mail.
  1184 | D:1      | 1184 ||| DROPPING +0 leather armour.
  1185 | D:1      | 1185 ||| UPGRADING to amulet of the acrobat.
  1190 | D:1      | 1190 ||| UPGRADING to ring of protection from cold.
  1191 | D:1      | 1191 ||| READING scroll labelled ZUCITA GEXEUK.
  1192 | D:1      | 1192 ||| READING scroll labelled GAALOSIRAQ.
  1193 | D:1      | 1193 ||| DROPPING scroll of blinking.
  1245 | D:2      | 1245 ||| READING scroll of enchant weapon.
  1245 | D:2      | 1245 ||| ENCHANTING +1 hand axe.
  1255 | D:2      | Found a broken altar of Ashenzari.
  1558 | D:2      | 1558 ||| READING scroll of enchant weapon.
  1558 | D:2      | 1558 ||| ENCHANTING +2 hand axe.
  1756 | D:2      | Noticed Terence
  1761 | D:2      | Killed Terence
  1762 | D:2      | Reached XP level 4. HP: 16/26 MP: 8/8
  1911 | D:2      | 1911 ||| DROPPING +0 club.
  2020 | D:2      | Reached skill level 5 in Axes
  2291 | D:2      | 2291 ||| READING 2 scrolls labelled HYCENO UNITOWK.
  2292 | D:2      | 2292 ||| READING scroll labelled MILOOP MODI.
  2293 | D:2      | 2293 ||| READING scroll labelled XYCOON LYHIFUCW.
  2297 | D:2      | 2297 ||| DRINKING 2 clear potions.
  2298 | D:2      | 2298 ||| DROPPING potion of attraction.
  2367 | D:3      | 2367 ||| STAIRDANCE
  2415 | D:3      | 2415 ||| STAIRDANCE
  2451 | D:3      | 2451 ||| STAIRDANCE
  2562 | D:3      | 2562 ||| STAIRDANCE
  2636 | D:3      | 2636 ||| STAIRDANCE
  2642 | D:3      | 2642 ||| STAIRDANCE
  2672 | D:3      | 2672 ||| STAIRDANCE
  2705 | D:3      | Noticed Ijyb
  2706 | D:3      | 2706 ||| Stepping ~*~*~tactically~*~*~ (hiding).
  2725 | D:3      | HP: 6/26 [disintegration (5)]
  2728 | D:3      | Blown up by Ijyb

Levels and vault maps discovered:
D:1:      amcnicky_arrival_blooded_trapdoor, layout_rooms,
          corexii_leaking_fountain
D:2:      layout_basic, basic_altar, serial_glass, glass_columns_b,
          glass_columns_b, uniq_terence
D:3:      layout_loops_cross, lemuel_doored_altar,
          chequers_ecumenical_altar_simple, ebering_ghost_disaster_area,
          uniq_robin, uniq_grinder, uniq_ijyb, uniq_sigmund

Skill      XL: |  1  2  3  4 |
---------------+-------------+-----
Axes           | 3 4 5 |  5.3
Fighting       | |  2.0
Throwing       | |  1.0
Armour         | |  1.1
Dodging        | |  2.1
Spellcasting   | |  2.0
Translocations | |  2.4

Action                   |  1- 3 |  4- 6 || total
-------------------------+-------+-------++-------
Melee: Hand axe          |    73 |    53 ||   126
       Kick              |    20 |    11 ||    31
       Peck              |     9 |     7 ||    16
Throw: Boomerang         |     7 |       ||     7
       Javelin           |       |     5 ||     5
  Use: Scroll            |     4 |     3 ||     7
       Potion            |       |     1 ||     1
 Stab: Sleeping          |     1 |       ||     1
Armor: Leather armour    |    10 |       ||    10
       Chain mail        |     9 |    35 ||    44
Dodge: Dodged            |    30 |    22 ||    52

Table legend:
 A = Non-vault XP
 B = Vault XP
 C = Vault XP percentage of total XP
 D = Non-vault monster count
 E = Vault monster count
 F = Vault count percentage of total count
                 A         B        C        D         E       F
            +---------+---------+-------+---------+---------+-------
      Total |     102 |      48 |  32.0 |      47 |       9 |  16.1
            +---------+---------+-------+---------+---------+-------
        D:1 |      55 |       0 |   0.0 |      29 |       0 |   0.0
        D:2 |      47 |      46 |  49.5 |      18 |       8 |  30.8
        D:3 |       0 |       2 | 100.0 |       0 |       1 | 100.0
            +---------+---------+-------+---------+---------+-------
